 Dungeon Crawl Stone Soup version 0.27.0-1-g7a089689b8 (webtiles) character file.

Game seed: 14660233258940477238

6 horus123 the Chucker (level 1, 0/16 HPs)
             Began as a Demonspawn Hunter on Aug 16, 2021.
             Slain by a hobgoblin (4 damage)
             ... on level 1 of the Dungeon.
             The game lasted 00:00:51 (163 turns).

horus123 the Chucker (Demonspawn Hunter)             Turns: 163, Time: 00:00:52

Health: 0/16       AC:  3    Str: 12    XL:     1   Next: 75%
Magic:  1/1        EV: 11    Int: 12    God:
Gold:   12         SH:  0    Dex: 13    Spells: 0/0 levels left

rFire    . . .     SeeInvis .   a - +0 short sword
rCold    . . .     Faith    .   (no shield)
rNeg     . . .     Spirit   .   b - +0 leather armour
rPois    .         Reflect  .   (no helmet)
rElec    .         Harm     .   (no cloak)
rCorr    .         Rampage  .   (no gloves)
Will     .....                  (no boots)
Stlth    +.........             (no amulet)
HPRegen  0.05/turn              (no ring)
MPRegen  0.07/turn              (no ring)

@: no status effects
A: no striking features
a: no special abilities


You were on level 1 of the Dungeon.
You visited 1 branch of the dungeon, and saw 1 of its levels.

You collected 12 gold pieces.

Inventory:

Hand Weapons
 a - a +0 short sword (weapon)
Missiles
 d - a throwing net (quivered)
 h - 17 stones
Armour
 b - a +0 leather armour (worn)
Scrolls
 e - a scroll of identify {unknown}
 f - a scroll of fear {unknown}
 g - a scroll of holy word {unknown}
Potions
 i - 2 potions of curing {unknown}


   Skills:
 + Level 2.0 Fighting
 + Level 3.8 Throwing
 + Level 1.8 Dodging
 + Level 0.8 Stealth


You couldn't memorise any spells.
You didn't know any spells.
Your spell library contained the following spells:

 Spells                   Type           Power      Damage    Failure   Level
 Shock                    Conj/Air       0%         1d3       38%         1
 Summon Small Mammal      Summ           0%         N/A       38%         1
 Call Canine Familiar     Summ           0%         N/A       77%         3
 Summon Guardian Golem    Hex/Summ       0%         N/A       77%         3
 Swiftness                Air            0%         N/A       77%         3
 Airstrike                Air            0%         N/A       99%         4


Dungeon Overview and Level Annotations

Branches:
Dungeon (1/15)

Altars:


Message History

Aim: a hobgoblin (lightly wounded, 59% to hit)
You throw a javelin.
The javelin barely misses the hobgoblin.
The hobgoblin hits you but does no damage.
A goblin comes into view. It is wielding a +0 dagger.
The hobgoblin hits you.
Throw: 2 javelins
Press: ? - help, Q - select action, (/) - cycle Shift-Dir - straight line, f/p - hobgoblin
Aim: a hobgoblin (59% to hit)
You throw a javelin. The goblin shouts!
The javelin pierces through the hobgoblin.
The hobgoblin is almost dead.
The hobgoblin hits you.
Throw: javelin
Press: ? - help, Q - select action, (/) - cycle Shift-Dir - straight line, f/p - hobgoblin
Aim: a hobgoblin (almost dead, 59% to hit)
You throw a javelin.
The javelin barely misses the hobgoblin.
The hobgoblin barely misses you.
Throw: 2 throwing nets
Press: ? - help, Q - select action, (/) - cycle Shift-Dir - straight line, f/p - hobgoblin
Aim: a hobgoblin (almost dead, 59% to hit)
You throw a throwing net.
The throwing net closely misses the hobgoblin.
The throwing net hits the goblin.
The goblin is caught in the net!
The hobgoblin hits you.
You closely miss the hobgoblin.
The hobgoblin is almost dead.
The goblin struggles against the net.
The hobgoblin hits you.
The goblin struggles against the net.
You closely miss the hobgoblin.
The hobgoblin is almost dead.
The hobgoblin hits you.
* * * LOW HITPOINT WARNING * * *
The goblin struggles against the net.
You hit the hobgoblin but do no damage.
The hobgoblin is almost dead.
The hobgoblin hits you.
You die...

#.####...#######.#
##...#....# #...##### #.#
####....#....# #.......#
#.###[.....##....#
#.......###.........##.....#
#........##..###...##......#
#........##...##..## ......#
#.........#......## ..+####
##.......####..###
#.........@.#+#
#....(.####g...# #......#
....... #......# #.g....
#......# ...... ########
...($. ...#. .#.#


You could see a hobgoblin and a goblin (caught).

Vanquished Creatures
  A ball python (D:1)
  An endoplasm (D:1)
  A giant cockroach (D:1)
  A goblin (D:1)
  A kobold (D:1)
5 creatures vanquished.

Notes
Turn   | Place    | Note
-------+----------+-------------------------------------------
     0 | D:1      | horus123 the Demonspawn Hunter began the quest for the Orb.
     0 | D:1      | Reached XP level 1. HP: 16/16 MP: 1/1
   163 | D:1      | Slain by a hobgoblin

Illustrated notes

Levels and vault maps discovered:
D:1:      dpeg_arrival_rooms_b, layout_basic,
          shapermc_ecumenical_altar_mp_vishouse, nrook_mini_backslash

Action                   || total
-------------------------++-------
Melee: Short sword       ||     3
Throw: Javelin           ||    16
       Throwing net      ||     1
Armor: Leather armour    ||     2
Dodge: Dodged            ||     2
